 Dungeon Sprint DCSS version 0.21-a0-94-gdd6ab6a (webtiles) character file.

2598 Kidiri the Covert (level 9, -7/47 HPs)
             Began as a Spriggan Enchanter on July 1, 2017.
             Was an Initiate of Dithmenos.
             Blown up by a great orb of eyes (29 damage)
             ... with a disintegration bolt
             ... in the Dungeon (Sprint II: "The Violet Keep of Menkaure").
             The game lasted 00:08:19 (1353 turns).

Kidiri the Covert (Spriggan Enchanter)              Turns: 1353, Time: 00:08:20

Health: -7/47      AC:  3    Str:  4    XL:     9   Next: 33%
Magic:  25/25      EV: 32    Int: 18    God:    Dithmenos [......]
Gold:   408        SH:  6    Dex: 24    Spells: 18/30 levels left

rFire    + . .     SeeInvis +   a - +1 dagger
rCold    x . .     Gourm    .   i - +0 buckler
rNeg     . . .     Faith    .   e - +1 robe of the Cockatrice {+Inv rElec rPois Slay-4}
rPois    +         Spirit   .   (helmet restricted)
rElec    +         Reflect  .   (no cloak)
rCorr    .         Harm     .   (gloves unavailable)
MR       +....     NoTele   +   (boots unavailable)
Stlth    ++++++....             (no amulet)
HPRegen  0.15/turn              l - +3 ring of dexterity
MPRegen  0.19/turn              m - ring of Pantheism {Fire +Fly Dex+3 Slay-5}

@: very slightly contaminated, invisible (expiring), very quick
A: unfitting armour, see invisible, herbivore 3, speed 3, slow metabolism 2, no
potion heal 1
a: Renounce Religion, Evoke Flight


You were in the Dungeon.
You worshipped Dithmenos.
Dithmenos was noncommittal.
You were not hungry.

You visited 1 branch You collected 1053 gold pieces.
You spent 645 gold pieces at shops.

Inventory:

Hand Weapons
 a - a +1 dagger (weapon)
Armour
 b - a +0 robe
 e - the +1 robe of the Cockatrice (worn) {+Inv rElec rPois Slay-4}
   (You bought it in a shop in the Dungeon)

   It affects your accuracy and damage with ranged weapons and melee attacks
   (-4).
   It insulates you from electricity.
   It protects you from poison.
   It lets you turn invisible.
 i - a +0 buckler (worn)
Jewellery
 k - an uncursed ring of flight
 l - a +3 ring of dexterity (left hand)
 m - the ring of Pantheism (right hand) {Fire +Fly Dex+3 Slay-5}
   (You found it in the Dungeon)

   [ring of fire]

   It enhances your fire magic.
   It affects your dexterity (+3).
   It affects your accuracy and damage with ranged weapons and melee attacks
   (-5).
   It protects you from fire.
   It makes you vulnerable to cold.
   It lets you fly.
Scrolls
 j - a scroll of blinking
Potions
 f - a potion of heal wounds
 g - a potion of haste
 h - 2 potions of magic
Books
 c - a book of Maledictions

   Spells                             Type                      Level
   a - Corona                         Hexes                        1
   b - Ensorcelled Hibernation        Hexes/Ice                    2
   c - Confuse                        Hexes                        3
   d - Tukima's Dance                 Hexes                        3
   e - Dazzling Spray                 Conjuration/Hexes            3
Comestibles
 d - a bread ration


   Skills:
 + Level 5.3 Fighting
 * Level 10.3 Short Blades
 + Level 4.9 Armour
 * Level 13.0 Dodging
 * Level 14.2 Stealth
 * Level 11.2 Spellcasting
 + Level 8.9 Hexes
 + Level 0.0 Invocations
 + Level 0.0 Evocations


You had 18 spell levels left.
You knew the following spells:

 Your Spells              Type           Power        Failure   Level  Hunger
a - Corona                Hex            #####..      1%          1    None
b - Ensorcelled Hibernat  Hex/Ice        ####..       2%          2    None
c - Confuse               Hex            #####...     1%          3    None
d - Tukima's Dance        Hex            #####...     1%          3    None
e - Dazzling Spray        Conj/Hex       ####..       5%          3    None


Dungeon Overview and Level Annotations

Branches:
Dungeon (1/1)

Altars:
Cheibriados
Dithmenos
Elyvilon
Fedhas
Gozag
Hepliaklqana
Kikubaaqudgha
Makhleb
Nemelex Xobeh
Okawaru
Qazlal
Ru
Sif Muna
Trog
Uskayaw
Vehumet
Wu Jian
Xom
Yredelemnul
Zin
The Shining One
Beogh
Jiyva
Lugonu

Shops:
D !=::!}[!%[[?=(}%

Annotations:
D exclusions: oklob plant and yaktaur captain, Kirke, Roxanne


Innate Abilities, Weirdness & Mutations

You are very small and have problems with some larger weapons.
You are too small for most types of armour.
You have supernaturally acute eyesight. (SInv)
You are a herbivore.
You cover ground extremely quickly.
You need consume almost no food.
Potions are less effective at restoring your health.


Message History

The noxious blast misses you.
A crystal guardian comes into view.
Unknown command.
Unknown command.
You bump into the stone wall.
The death drake moves out of view.
The great orb of eyes closely misses you.
Unknown command.
Unknown command.
You hit the death drake but do no damage.
The great orb of eyes bites you!
The crystal guardian moves out of view.
Unknown command.
You flicker for a moment.
The death drake breathes miasma past the great orb of eyes.
Unknown command.
You're too confused to move!
You feel less confused. The great orb of eyes gazes at you.
You are blasted!
Ouch! That really hurt!
You die...

...§.. ...## §.§§ ....
++#+++## ... ## .......# ..
k# ##+##..# #. .# #...# ####
+.##k# ▓?$?![% .##..# ...#
#...####▓!%[(?[
#.######..#####Gk##.#▓((?)$(
##+###.##..#[)'.@#..#▓((%)!?
##.##...#..#$.#..#..#▓$%?!!)
+.<.+.##+..####..##)#▓$(?$)%
##.##...#....###^.%##▓▓▓▓▓▓▓
##+###.##....§.≈≈≈≈≈%≈≈≈≈≈≈≈
#.#.####≈≈...§§≈#+########+#
.###.#≈≈≈≈≈≈≈§.≈#....._._#§≈
#.#.##≈≈≈≈≈§≈≈.≈#...._._.#≈§
##+##≈≈≈§§≈≈≈≈≈≈#..._._._#≈§


You could see a death drake, a great orb of eyes and 2 swamp drakes.

Vanquished Creatures
  A yaktaur (D)
  3 polar bears (D)
  A hornet (D)
  2 hippogriffs (D)
  4 neqoxecs (D)
  Menkaure (D)
  A vampire mosquito (D)
  4 necrophages (D)
  4 worker ants (D)
21 creatures vanquished.

Vanquished Creatures (others)
  A crocodile (D)
1 creature vanquished.

Grand Total: 22 creatures vanquished

Notes
Turn   | Place    | Note
-------+----------+-------------------------------------------
     0 | D        | Kidiri the Spriggan Enchanter began the quest for the Orb.
     0 | D        | Reached XP level 1. HP: 9/9 MP: 5/5
     1 | D        | Noticed a neqoxec
     5 | D        | Noticed a worker ant
     5 | D        | Noticed a worker ant
     9 | D        | Noticed a hippogriff
     9 | D        | Noticed a hippogriff
    13 | D        | Noticed a necrophage
    13 | D        | Noticed a necrophage
    13 | D        | Noticed a necrophage
    13 | D        | Noticed a necrophage
    16 | D        | Killed a crocodile
    19 | D        | Noticed a worker ant
    19 | D        | Noticed a worker ant
    20 | D        | Killed a worker ant
    20 | D        | Reached skill level 1 in Fighting
    20 | D        | Reached skill level 1 in Armour
    20 | D        | Reached skill level 5 in Stealth
    20 | D        | Reached XP level 2. HP: 14/14 MP: 5/7
    22 | D        | Reached skill level 6 in Stealth
    22 | D        | Reached XP level 3. HP: 18/18 MP: 5/9
    26 | D        | Learned a level 2 spell: Ensorcelled Hibernation
    27 | D        | Reached skill level 5 in Dodging
    27 | D        | Reached XP level 4. HP: 23/23 MP: 5/11
    29 | D        | Reached skill level 7 in Stealth
    34 | D        | Learned a level 3 spell: Confuse
    38 | D        | Learned a level 3 spell: Tukima's Dance
    42 | D        | Learned a level 3 spell: Dazzling Spray
    54 | D        | Killed a hippogriff
    54 | D        | Reached skill level 5 in Short Blades
    54 | D        | Reached skill level 9 in Stealth
    54 | D        | Reached skill level 5 in Hexes
    54 | D        | Reached XP level 5. HP: 15/28 MP: 3/15
    54 | D        | Reached XP level 6. HP: 18/32 MP: 3/16
   354 | D        | Killed a hippogriff
   354 | D        | Reached skill level 10 in Stealth
   601 | D        | Reached XP level 7. HP: 36/36 MP: 3/19
   608 | D        | Reached skill level 11 in Stealth
   613 | D        | Reached skill level 10 in Dodging
   709 | D        | Noticed a neqoxec
   711 | D        | Killed a neqoxec
   713 | D        | Killed a neqoxec
   713 | D        | Reached skill level 12 in Stealth
   713 | D        | Reached XP level 8. HP: 42/42 MP: 17/22
   721 | D        | Gained mutation: Potions are less effective at restoring your health. [a neqoxec]
   763 | D        | Noticed Roxanne
   771 | D        | Found Itomaohi's Magic Scroll Emporium.
   773 | D        | Found Yschub's Armour Emporium.
   773 | D        | Found Othrunwur's Food Shoppe.
   774 | D        | Found Xoj Kiwa's Distillery.
   774 | D        | Found Juannici's Antique Weapon Emporium.
   791 | D        | Found Gustrih's Food Emporium.
   791 | D        | Found Zuipah's Antique Armour Shoppe.
   792 | D        | Found Ewniuni's Antique Armour Shoppe.
   792 | D        | Found Zuzamumn's Gadget Emporium.
   793 | D        | Found Nettor's Jewellery Shoppe.
   794 | D        | Found Newurext's Gadget Shoppe.
   797 | D        | Found Geinuplo's Distillery.
   797 | D        | Found Soget's Book Shoppe.
   797 | D        | Noticed Menkaure
   797 | D        | Noticed an oklob plant
   798 | D        | Found Gesachel's Jewellery Shoppe.
   798 | D        | Found Juanloareny's Book Shoppe.
   798 | D        | Found Galaudoq's Distillery.
   799 | D        | Noticed a manticore
   817 | D        | Noticed an ice statue
   820 | D        | Noticed Kirke
   820 | D        | Noticed a kobold demonologist
   820 | D        | Noticed a yaktaur captain
   835 | D        | Killed Menkaure
   835 | D        | Reached skill level 13 in Stealth
   835 | D        | Reached skill level 10 in Spellcasting
   879 | D        | Noticed a polar bear
   891 | D        | Noticed a polar bear
   894 | D        | Noticed a manticore
   899 | D        | Bought the +1 robe of the Cockatrice {+Inv rElec rPois Slay-4} for 183 gold pieces
   903 | D        | Bought a buckler for 130 gold pieces
   920 | D        | Bought an uncursed ring of flight for 175 gold pieces
   920 | D        | Bought a +3 ring of dexterity for 157 gold pieces
   976 | D        | Found a roughly hewn altar of Beogh.
   977 | D        | Found a snail-covered altar of Cheibriados.
   977 | D        | Found a hazy altar of Hepliaklqana.
   978 | D        | Found a shadowy altar of Dithmenos.
   978 | D        | Found a viscous altar of Jiyva.
   979 | D        | Found a white marble altar of Elyvilon.
   979 | D        | Found an ancient bone altar of Kikubaaqudgha.
   979 | D        | Found a sacrificial altar of Ru.
   979 | D        | Found a stormy altar of Qazlal.
   980 | D        | Found a blossoming altar of Fedhas.
   980 | D        | Found a corrupted altar of Lugonu.
   980 | D        | Found a deep blue altar of Sif Muna.
   980 | D        | Found an ornate altar of the Wu Jian Council.
   981 | D        | Found a burning altar of Makhleb.
   981 | D        | Found an opulent altar of Gozag.
   981 | D        | Found a bloodstained altar of Trog.
   981 | D        | Found a shimmering altar of Xom.
   981 | D        | Noticed a polar bear
   994 | D        | Got a clouded platinum ring
   996 | D        | Identified the ring of Pantheism {Fire +Fly Dex+3 Slay-5} (You found it in the Dungeon)
  1238 | D        | Noticed a polar bear
  1241 | D        | Found a sparkling altar of Nemelex Xobeh.
  1241 | D        | Found a hide-covered altar of Uskayaw.
  1242 | D        | Noticed a polar bear
  1242 | D        | Found an iron altar of Okawaru.
  1242 | D        | Found a radiant altar of Vehumet.
  1242 | D        | Found a glowing silver altar of Zin.
  1242 | D        | Found a basalt altar of Yredelemnul.
  1244 | D        | Killed a polar bear
  1246 | D        | Noticed a hornet
  1249 | D        | Killed a polar bear
  1249 | D        | Reached skill level 5 in Fighting
  1251 | D        | Killed a hornet
  1251 | D        | Reached XP level 9. HP: 47/47 MP: 13/24
  1252 | D        | Noticed a yaktaur
  1256 | D        | Killed a yaktaur
  1256 | D        | Reached skill level 10 in Short Blades
  1256 | D        | Reached skill level 14 in Stealth
  1263 | D        | Killed a polar bear
  1277 | D        | Found a glowing golden altar of the Shining One.
  1283 | D        | Became a worshipper of Dithmenos the Shadowed
  1341 | D        | Noticed a death drake
  1344 | D        | Noticed a great orb of eyes
  1348 | D        | Noticed a death drake
  1349 | D        | Noticed a crystal guardian
  1353 | D        | Blown up by a great orb of eyes

Vault maps used:
D:        the_violet_keep_of_menkaure

Skill      XL: |  1  2  3  4  5  6  7  8  9 |
---------------+----------------------------+-----
Fighting       | 1 2 3 4 5 |  5.3
Short Blades   | 2 3 5 7 8 9 10 | 10.3
Armour         | 1 2 3 4 |  4.9
Dodging        | 4 5 7 9 10 12 13 | 13.0
Stealth        | 5 6 9 10 12 13 14 | 14.2
Spellcasting   | 3 4 6 8 9 10 11 | 11.2
Hexes          | 4 5 6 7 8 |  8.9

Action                   |  1- 3 |  4- 6 |  7- 9 || total
-------------------------+-------+-------+-------++-------
Melee: Dagger            |     3 |    11 |    45 ||    59
 Cast: Ensorcelled Hiber |       |     5 |     7 ||    12
       Confuse           |       |     4 |     4 ||     8
       Dazzling Spray    |       |     4 |     7 ||    11
 Abil: Evoke Flight      |       |       |     2 ||     2
       Evoke Invisibilit |       |       |     1 ||     1
  Use: Potion            |       |     2 |       ||     2
 Stab: Sleeping          |     3 |     2 |     6 ||    11
       Distracted        |       |     1 |       ||     1
       Invisible         |       |     1 |       ||     1
       Confused          |       |       |     6 ||     6
Armor: Robe              |       |     1 |       ||     1
Dodge: Dodged            |       |    29 |    24 ||    53
